 Dungeon Crawl Stone Soup version 0.29.1-13-g9f3cf754e1 (webtiles) character file.

Game seed: 8958362799286948074

15563 Disco the Thaumaturge (level 12, -18/70 HPs)
             Began as a Djinni Conjurer on Feb 4, 2023.
             Was a High Priest of Makhleb.
             Killed by an exploding fulminant prism (49 damage)
             ... while paralysed by an orc sorcerer
             ... on level 2 of the Orcish Mines.
             The game lasted 00:30:20 (9917 turns).

Disco the Thaumaturge (Djinni Conjurer)             Turns: 9917, Time: 00:30:20

Health: -18/70     AC: 13    Str:  6    XL:     12   Next: 59%
Gold:   859        EV:  2    Int: 33    God:    Makhleb [*****.] SH:  0 Dex: 13

rFire   + + +      SeeInvis .   w - +6 mace of Ravage {vorpal, rN+ rCorr Int+3}
rCold   . . .      Faith    .   y - +0 kite shield
rNeg    + + +      Spirit   .   e - +3 ring mail of Henotheism {Drain rN++ Regen+ Stlth+}
rPois   ∞          Reflect  .   G - +0 helmet of the Volcano {Rampage rC+ Int+6}
rElec   .          Harm     .   (no cloak)
rCorr   +          Rampage  +   A - +2 pair of gloves
Will    +....                   (boots unavailable)
Stlth   ++........              (no amulet)
HPRegen 1.01/turn               m - ring of protection from fire
MPRegen 0.00/turn               (no ring)

@: paralysed, flying
A: sickness immunity, fire resistance 2, cold vulnerability 1, float, innate
caster, HP casting, extra vitality 1
a: Renounce Religion, Minor Destruction, Lesser Servant of Makhleb, Major
Destruction, Greater Servant of Makhleb


You were on level 2 of the Orcish Mines.
You worshipped Makhleb.
Makhleb was extremely pleased with you.
You visited 3 branches of the dungeon, and saw 12 of its levels.

You collected 1024 gold pieces.
You spent 165 gold pieces at shops.

Inventory:

Hand Weapons
 w - the +6 mace of Ravage (weapon) {vorpal, rN+ rCorr Int+3}
   (You found it on level 6 of the Dungeon)

   It inflicts extra damage upon your enemies.
   Int:       It affects your intelligence (+3).
   rN:        It protects you from negative energy.
   rCorr:     It protects you from acid and corrosion.
Missiles
 p - 2 throwing nets
Armour
 e - the +3 ring mail of Henotheism (worn) {Drain rN++ Regen+ Stlth+}
   (You took it off a hobgoblin on level 4 of the Dungeon)

   rN:        It greatly protects you from negative energy.
   Regen:     It increases your rate of health regeneration.
   Drain:     It drains your maximum health when unequipped.
   Stlth:     It makes you more stealthy.
 y - a +0 kite shield (worn)
 A - a +2 pair of gloves (worn)
 G - the +0 helmet of the Volcano (worn) {Rampage rC+ Int+6}
   (You found it on level 9 of the Dungeon)

   Int:       It affects your intelligence (+6).
   rC:        It protects you from cold.
   Rampage:   It bestows one free step when moving towards enemies.
Jewellery
 m - a ring of protection from fire (left hand)
 D - a ring of ice
Wands
 h - a wand of polymorph (10)
 l - a wand of iceblast (7)
 q - a wand of acid (4)
 v - a wand of paralysis (21)
 H - a wand of flame (9)
Scrolls
 a - a scroll of torment {unknown}
 b - a scroll of silence {unknown}
 d - 3 scrolls of teleportation
 j - 3 scrolls of blinking
 o - a scroll of acquirement {unknown}
 r - a scroll of fear
 s - a scroll of fog {unknown}
 u - a scroll of poison
 x - 2 scrolls of vulnerability
 E - 3 scrolls of identify
 F - a scroll of brand weapon
Potions
 c - 4 potions of might
 f - 8 potions of ambrosia
 g - a potion of magic {unknown}
 i - a potion of lignification {unknown}
 k - 2 potions of heal wounds
 n - 2 potions of curing
 t - 2 potions of brilliance {unknown}
 z - a potion of degeneration {unknown}
 B - a potion of cancellation {unknown}
 C - 6 potions of mutation
 I - a potion of haste


   Skills:
 + Level 0.2 Fighting
 + Level 5.4 Armour
 + Level 4.5 Dodging
 - Level 1.8 Stealth
 * Level 7.4 Shields
 + Level 13.4 Spellcasting


You had 10 spell levels left.
You knew the following spells:

 Your Spells              Type           Power      Damage    Failure   Level
a - Magic Dart            Conj           100%       1d8       1%          1
b - Static Discharge      Conj/Air       84%        3-14/arc  1%          2
c - Dazzling Flash        Conj/Hex       100%       N/A       1%          3
d - Sting                 Tmut/Pois      100%       1d8       1%          1
e - Searing Ray           Conj           100%       2d8       1%          2
f - Fulminant Prism       Conj/Hex       42%        3d20      1%          4
g - Ensorcelled Hibernat  Hex/Ice        100%       N/A       1%          2
h - Inner Flame           Hex/Fire       84%        N/A       1%          3
i - Blade Hands           Tmut           42%        N/A       1%          5
n - Iskenderun's Mystic   Conj/Tloc      84%        2d17      1%          4
Your spell library was empty.

Dungeon Overview and Level Annotations

Branches:
Dungeon (9/15)             Temple (1/1) D:4             Orc (2/2) D:9
    Elf (0/3) Orc:2
   Lair: D:8-11

Altars:
Ashenzari
Cheibriados
Dithmenos
Elyvilon
Fedhas
Gozag
Hepliaklqana
Makhleb
Nemelex Xobeh
Okawaru
Qazlal
Ru
Trog
Uskayaw
Wu Jian
Xom
Yredelemnul
Zin
The Shining One

Shops:
D:9 [   Orc:2 !*

Annotations:
D:3 1 runed translucent door, solar's ghost, amateur GrFi


Innate Abilities, Weirdness & Mutations

You are immune to sickness and miasma.
You are immune to poison.
Your flesh is very heat resistant. (rF++)
You are vulnerable to cold. (rC-)
You float through the air rather than walking.
You learn spells naturally, not from books.
Your magical power is your life essence.
You have superior vitality. (+4 MHP)


Message History

The orc warrior is knocked back by the mystic blast.
The orc warrior slams into the rock wall!
An orc warrior comes into view. It is wielding a +0 hand axe.
The orc sorcerer becomes larger for a moment.
Casting: Iskenderun's Mystic Blast (mildly dangerous; 1% risk of failure)
Confirm with . or Enter, or press ? or * to list all spells.
You erupt in a blast of force!
The mystic blast hits the orc warrior!
Makhleb accepts your kill.
You feel better.
The orc warrior explodes!
The fiery explosion engulfs you. You resist.
You are engulfed in blazing flames.
You resist.
You hear a shout! x5
An orc warrior comes into view. It is wielding a +4 dire flail.
The orc sorcerer casts a spell.
An orc warrior comes into view. It is wielding a +4 short sword.
Casting: Iskenderun's Mystic Blast (mildly dangerous; 1% risk of failure)
Confirm with . or Enter, or press ? or * to list all spells.
Aiming: Fulminant Prism (mildly dangerous; 1% risk of failure)
Press: ? - help, Dir - move target, p - orc sorcerer You conjure a prism of explosive energy!
A fulminant prism comes into view.
You are engulfed in blazing flames.
You resist.
An orc comes into view. It is wielding a +0 falchion.
The orc sorcerer points at you and mumbles some strange words.
The bolt of fire hits you. You resist.
The orc sorcerer points at you and mumbles some strange words.
You suddenly lose the ability to move!
Your fulminant prism crackles loudly.
The orc warrior unwields a +0 hand axe.
The orc warrior wields a +0 arbalest.
The orc warrior shoots a bolt.
The bolt hits you! The neqoxec hits your fulminant prism.
Your fulminant prism explodes!
The blast of energy engulfs the orc sorcerer!!!
Makhleb accepts your kill.
You feel better.
The neqoxec disappears in a puff of smoke!
The blast of energy engulfs you!!!
Ouch! That really hurt!
You die...

##.........
#......)...
#..........
#..........
#...)#......
##....§.....
##....).)...
#......o.... #
#..@..o)... .#
##§...)oo.....
#.§§..##o..#.#
##.#).###)....
###.☼°.))...#
##..○.))...
###..#...# ###
...


You could see 3 orc warriors, an orc wizard and an orc.

Vanquished Creatures
  An orc warlord (Orc:2)
  Azrael (Orc:2)
  Erolcha (D:9)
  An orc high priest (Orc:2)
  Pikel (D:9)
  2 orc knights
  4 orc sorcerers
  5 trolls
  A queen bee (D:9)
  A hornet (D:9)
  2 wraiths (D:8)
  2 steam dragons
  Eustachio (D:5)
  2 wyverns
  7 fire elementals (Orc:2)
  2 wargs (Orc:2)
  3 acid dragons (D:9)
  2 water moccasins
  A hell hound (Orc:2)
  2 sky beasts
  A black bear (D:5)
  15 orc warriors
  An ice beast (D:5)
  3 ogres
  A centaur (D:8)
  A lemure (D:9)
  2 kobold brigands (D:7)
  A phantom (D:6)
  2 scorpions
  Blork the orc (D:5)
  3 bullfrogs
  2 necrophages
  8 wights
  22 killer bees (D:9)
  4 hounds
  Crazy Yiuf (D:2)
  16 orc priests
  2 gnoll boudas
  A jelly (D:6)
  4 iguanas
  25 orc wizards
  18 gnolls
  8 adders
  A shadow imp (D:7)
  A white imp (D:7)
  An ufetubus (D:6)
  A worm (D:2)
  2 dart slugs
  67 orcs
  7 ball pythons
  3 bats
  8 endoplasms
  A giant cockroach (D:4)
  6 hobgoblins
  5 quokkas
  A frilled lizard (D:1)
  A goblin (D:1)
  20 kobolds
  3 rats
312 creatures vanquished.

Vanquished Creatures (others)
  44 fulminant prisms
44 creatures vanquished.

Grand Total: 356 creatures vanquished

Notes
Turn   | Place    | Note
-------+----------+-------------------------------------------
     0 | D:1      | Disco the Djinni Conjurer began the quest for the Orb.
     0 | D:1      | Disco set off with the following spells memorised: Magic
                  | Dart, Searing Ray, Dazzling Flash, Fulminant Prism,
                  | Iskenderun's Mystic Blast.
     0 | D:1      | Reached XP level 1. HP: 15/15 MP: 0/0
   289 | D:1      | Reached XP level 2. HP: 18/21 MP: 0/0
   837 | D:1      | Reached XP level 3. HP: 24/25 MP: 0/0
   837 | D:1      | Learned a level 1 spell: Sting
  1113 | D:2      | Reached skill level 4 in Spellcasting
  1153 | D:2      | Found a runed translucent door.
  1154 | D:2      | Noticed Crazy Yiuf
  1301 | D:2      | Reached XP level 4. HP: 27/31 MP: 0/0
  1469 | D:2      | Found a shadowy altar of Dithmenos.
  1504 | D:2      | Found a faded altar of an unknown god.
  1542 | D:2      | Identified the +0 robe "Hero's Friend" {rElec Slay+5}
  2109 | D:2      | Killed Crazy Yiuf
  2110 | D:2      | Reached XP level 5. HP: 27/35 MP: 0/0
  2110 | D:2      | Learned a level 2 spell: Static Discharge
  2320 | D:3      | Reached skill level 1 in Armour
  2507 | D:3      | Found a runed translucent door.
  2539 | D:3      | Noticed solar's ghost (amateur GrFi)
  2606 | D:3      | Reached XP level 6. HP: 39/40 MP: 0/0
  3004 | D:4      | Reached skill level 5 in Spellcasting
  3509 | D:4      | Reached XP level 7. HP: 19/45 MP: 0/0
  3509 | D:4      | Learned a level 2 spell: Ensorcelled Hibernation
  3701 | D:4      | Found a staircase to the Ecumenical Temple.
  3710 | Temple   | Entered the Ecumenical Temple
  3729 | Temple   | Became a worshipper of Makhleb the Destroyer
  4107 | D:4      | Reached skill level 6 in Spellcasting
  4539 | D:4      | Identified the +3 ring mail of Henotheism {Drain rN++
                  | Regen+ Stlth+}
  4866 | D:5      | Entered Level 5 of the Dungeon
  5043 | D:5      | Noticed Eustachio
  5052 | D:5      | Killed Eustachio
  5053 | D:5      | Reached XP level 8. HP: 46/50 MP: 0/0
  5132 | D:5      | Reached skill level 7 in Spellcasting
  5357 | D:5      | Noticed Blork the orc
  5422 | D:5      | Killed Blork the orc
  5893 | D:6      | Reached skill level 8 in Spellcasting
  5902 | D:6      | Reached XP level 9. HP: 53/55 MP: 0/0
  5902 | D:6      | Learned a level 3 spell: Inner Flame
  5931 | D:6      | Reached * piety under Makhleb
  6033 | D:6      | Reached skill level 9 in Spellcasting
  6133 | D:6      | Identified the +6 mace of Ravage {vorpal, rN+ rCorr Int+3}
  6481 | D:7      | Reached skill level 1 in Shields
  6572 | D:7      | Reached ** piety under Makhleb
  6744 | D:7      | Reached XP level 10. HP: 31/60 MP: 0/0
  6846 | D:7      | Reached skill level 10 in Spellcasting
  6870 | D:7      | Found a bloodstained altar of Trog.
  7646 | D:8      | Reached *** piety under Makhleb
  8290 | D:9      | Identified the +0 helmet of the Volcano {Rampage rC+ Int+6}
  8318 | D:9      | Noticed Pikel
  8320 | D:9      | Paralysed by Pikel for 3 turns
  8327 | D:9      | Killed Pikel
  8328 | D:9      | Reached skill level 11 in Spellcasting
  8473 | D:9      | Found a snail-covered altar of Cheibriados.
  8497 | D:9      | Reached XP level 11. HP: 54/65 MP: 0/0
  8497 | D:9      | Learned a level 5 spell: Blade Hands
  8537 | D:9      | Found Jeuloot's Armour Boutique.
  8540 | D:9      | Found a staircase to the Orcish Mines.
  8720 | D:9      | Found an iron altar of Okawaru.
  8721 | D:9      | Found a hazy altar of Hepliaklqana.
  8722 | D:9      | Found a broken altar of Ashenzari.
  8723 | D:9      | Found a blossoming altar of Fedhas.
  8776 | D:9      | Reached skill level 5 in Shields
  8860 | D:9      | Noticed Erolcha
  8934 | D:9      | Killed Erolcha
  8941 | D:9      | Reached skill level 12 in Spellcasting
  9115 | Orc:1    | Entered Level 1 of the Orcish Mines
  9119 | Orc:1    | Noticed an orc sorcerer
  9123 | Orc:1    | Noticed an orc knight
  9125 | Orc:1    | Reached **** piety under Makhleb
  9125 | Orc:1    | Killed an orc sorcerer
  9132 | Orc:1    | Killed an orc knight
  9246 | Orc:2    | Entered Level 2 of the Orcish Mines
  9253 | Orc:2    | Noticed Azrael
  9296 | Orc:2    | Noticed an orc knight
  9339 | Orc:2    | Killed an orc knight
  9340 | Orc:2    | Reached skill level 5 in Armour
  9340 | Orc:2    | Reached XP level 12. HP: 49/70 MP: 0/0
  9432 | Orc:2    | Found a staircase to the Elven Halls.
  9433 | Orc:2    | Killed Azrael
  9438 | Orc:2    | Noticed an orc warlord
  9455 | Orc:2    | Reached skill level 13 in Spellcasting
  9539 | Orc:2    | Reached ***** piety under Makhleb
  9548 | Orc:2    | Killed an orc warlord
  9634 | Orc:2    | Found Xinugh's Distillery.
  9663 | Orc:2    | Found Icuqyi's Gadget Gallery.
  9706 | Orc:2    | Bought a potion of heal wounds for 55 gold pieces
  9706 | Orc:2    | Bought a potion of haste for 110 gold pieces
  9832 | Orc:2    | Noticed an orc high priest
  9837 | Orc:2    | Killed an orc high priest
  9916 | Orc:2    | Paralysed by an orc sorcerer for 3 turns
  9917 | Orc:2    | Killed by an exploding fulminant prism

Illustrated notes

Levels and vault maps discovered:
D:1:      roderic_chinese_lattice_arrival, layout_rooms, st_stairs_14
D:2:      layout_basic, basic_ecumenical_altar, basic_altar,
          uniq_crazy_yiuf_cottage
D:3:      layout_basic, vehumet_crystals, ebering_ghost_reflecting_pool
D:4:      layout_basic, minmay_temple_entry_trees, minmay_manual_mullet
D:5:      layout_cave_pods, uniq_blork_the_orc, uniq_eustachio
D:6:      nicolae_cairo_tiling_large_dashed, layout_basic
D:7:      layout_layer_cave, mainiacjoe_overflow_tiny_flanked,
          hangedman_abyss_or_decor_stabs
D:8:      nicolae_cairo_tiling, layout_loops_cross
D:9:      layout_basic, mainiacjoe_overflow_catwalk,
          mainiacjoe_overflow_alcove_3, orc_david_3, special_room
          [special_room_bee], minmay_misc_feat_tiny, uniq_pikel, uniq_erolcha
Temple:   minmay_freezing_vapour_temple
Orc:1:    layout_caves, basic_altar
Orc:2:    st_orc_congregation, layout_caves, serial_shops, shop,
          nicolae_shop_gadgets, uniq_azrael

Skill      XL: |  1  2  3  4  5  6  7  8  9 10 11 12 |
---------------+-------------------------------------+-----
Spellcasting   | 4 5 6 8 9 11 12 13 | 13.4
Armour         | 1 2 3 4 5 |  5.4
Dodging        | 3 4 |  4.5
Shields        | 1 4 6 7 |  7.4
Fighting       | |  0.2
Stealth        | |  1.8

Action                   |  1- 3 |  4- 6 |  7- 9 | 10-12 || total
-------------------------+-------+-------+-------+-------++-------
 Cast: Magic Dart        |    57 |    67 |   193 |   144 ||   461
       Fulminant Prism   |       |     5 |    11 |    28 ||    44
       Iskenderun's Myst |       |     3 |    17 |    63 ||    83
       Sting             |       |       |     4 |       ||     4
       Inner Flame       |       |       |    36 |    77 ||   113
  Use: Scroll            |       |    11 |     1 |     4 ||    16
Armor: Robe              |     2 |       |       |       ||     2
       Leather armour    |     1 |     2 |     4 |       ||     7
       Ring mail         |       |       |    13 |    14 ||    27
Dodge: Dodged            |     5 |     8 |    17 |    14 ||    44
Block: Kite shield       |       |       |     2 |    16 ||    18
